 Dungeon Crawl Stone Soup version 0.24.0-41-g2ae2f7f1be (webtiles) character file.

Game seed: 4704227581806636278, levelgen mode: deterministic

8272 DerDa the Eclecticist (level 11, -1/54 HPs)
             Began as a Deep Elf Wizard on Dec 10, 2019.
             Was a Priest of Sif Muna.
             Slain by a basilisk (15 damage)
             ... on level 10 of the Dungeon.
             The game lasted 01:10:24 (15432 turns).

DerDa the Eclecticist (Deep Elf Wizard)            Turns: 15432, Time: 01:10:24

Health: -1/54      AC:  4    Str:  4    XL:     11   Next: 7%
Magic:  16/32      EV: 14    Int: 31    God:    Sif Muna [***...]
Gold:   305        SH:  0    Dex: 13    Spells: 32/41 levels left

rFire    . . .     SeeInvis .   C - +3 scimitar (holy)
rCold    . . .     Gourm    .   (no shield)
rNeg     . . .     Faith    .   D - +1 robe of the Sun {+Blink Int+4}
rPois    .         Spirit   .   b - +0 hat
rElec    .         Reflect  .   V - scarf {cloud immunity}
rCorr    +         Harm     .   L - +0 pair of gloves
MR       +....                  (no boots)
Stlth    ++........             (no amulet)
HPRegen  0.18/turn              u - ring of flight
MPRegen  0.23/turn              v - ring of resist corrosion

@: no status effects
A: no striking features
a: Channel Magic, Forget Spell, Renounce Religion, Evoke Blink, Evoke Flight


You were on level 10 of the Dungeon.
You worshipped Sif Muna.
Sif Muna was most pleased with you.
You were not hungry.

You visited 2 branches of the dungeon, and saw 11 of its levels.
You also visited: Sewer.

You collected 564 gold pieces.
You spent 259 gold pieces at shops.

Inventory:

Hand Weapons
 a - a +1 hunting sling of flaming
 i - a +4 shortbow of flaming
 C - a +3 scimitar of holy wrath (weapon)
 H - a +3 trident
Missiles
 e - 67 bolts
 h - 263 stones (quivered)
 q - 49 arrows
 E - 67 sling bullets
Armour
 b - a +0 hat (worn)
 D - the +1 robe of the Sun (worn) {+Blink Int+4}
   (You found it on level 5 of the Dungeon)

   It affects your intelligence (+4).
   It lets you blink.
 L - a +0 pair of gloves (worn)
 O - a +0 robe of cold resistance
 V - a scarf of cloud immunity (worn)
Jewellery
 u - a ring of flight (left hand)
 v - a ring of resist corrosion (right hand)
 Q - an uncursed ring of ice
Wands
 m - a wand of iceblast (10)
 N - a wand of acid (6)
 P - a wand of scattershot (1)
Scrolls
 f - 6 scrolls of remove curse
 j - 2 scrolls of enchant weapon
 l - 3 scrolls of enchant armour
 o - 5 scrolls of amnesia
 r - 3 scrolls of fog
 s - 4 scrolls of blinking
 y - 3 scrolls of magic mapping
 B - 4 scrolls of teleportation
 F - 3 scrolls of fear
 S - a scroll of immolation
 T - a scroll of brand weapon
Potions
 c - a potion of resistance
 g - a potion of berserk rage
 k - 3 potions of mutation
 n - 3 potions of brilliance {unknown}
 p - 3 potions of might {unknown}
 t - 4 potions of invisibility {unknown}
 w - 2 potions of lignification {unknown}
 x - 4 potions of curing
 z - 2 potions of haste {unknown}
 A - 5 potions of heal wounds {unknown}
 K - 2 potions of ambrosia {unknown}
 M - a potion of degeneration {unknown}
Comestibles
 d - 22 rations
 G - 2 chunks of flesh


   Skills:
 + Level 4.6 Dodging
 - Level 2.5 Stealth
 * Level 15.7 Spellcasting
 * Level 11.4 Conjurations
   Level 1.1 Summonings
 - Level 3.0 Translocations
 + Level 2.0 Fire Magic
 - Level 0.8 Air Magic
 - Level 1.8 Poison Magic
 - Level 0.1 Evocations


You had 32 spell levels left.
You knew the following spells:

 Your Spells              Type           Power        Failure   Level  Hunger
a - Magic Dart            Conj           ####         0%          1    None
b - Conjure Flame         Conj/Fire      ######..     1%          3    None
c - Mephitic Cloud        Conj/Pois/Air  ######..     1%          3    None
q - Blink                 Tloc           N/A          1%          2    None

Your spell library contained the following spells:

 Spells                   Type           Power        Failure   Level  Hunger
 Call Imp                 Summ           ####....     1%          2    None
 Slow                     Hex            ###.....     2%          2    None


Dungeon Overview and Level Annotations

Branches:
Dungeon (10/15)            Temple (1/1) D:6            Lair (0/6) D:10
  Sewer (visited)
    Orc: D:9-12

Altars:
Ashenzari
Cheibriados
Dithmenos
Elyvilon
Fedhas
Gozag
Hepliaklqana
Kikubaaqudgha
Makhleb
Nemelex Xobeh
Okawaru
Qazlal
Ru
Sif Muna
Trog
Uskayaw
Vehumet
Wu Jian
Xom
Yredelemnul
Zin
The Shining One

Shops:
D:5 (   D:9 ?   D:10 (

Annotations:
D:5 Prince Ribbit
D:8 4 runed translucent doors
D:10 Gastronok


Message History

Casting: Conjure Flame (safe; 1% risk of failure)
Confirm with . or Enter, or press ? or * to list all spells.
Aiming: Mephitic Cloud (safe; 1% risk of failure)
Press: ? - help, Shift-Dir - straight line, p - basilisk The ball explodes into a vile cloud!
The stinking cloud engulfs the basilisk but does no damage.
The basilisk is almost dead.
You hear a horrible gurgling sound!
You hear a shout!
The basilisk bites you.
* * * LOW HITPOINT WARNING * * *
Casting: Mephitic Cloud (safe; 1% risk of failure)
Confirm with . or Enter, or press ? or * to list all spells.
Aiming: Mephitic Cloud (safe; 1% risk of failure)
Press: ? - help, Shift-Dir - straight line The ball explodes into a vile cloud!
The stinking cloud engulfs the basilisk but does no damage.
The basilisk is almost dead.
The basilisk hisses menacingly.
The basilisk bites you!
You die...

...#
##.......#...####...........
...###............#
#.........÷.
..................#
#...........
#####.....>.......#
#########'## ##.........####
####.# #........§○☼###
#..#### ##.......#°§§○#
#####.##... #.......#.l○○#
#.l....#(♣.
##.....##.@..####.....('..∩
##...###....##........#.♣.
............#..#......#..Z
#............'.##......####
#............####........
..........# #.........
..........# #.[.o......
##########.......##...
.8...8.. #.


You could see a basilisk.

Vanquished Creatures
  2 two-headed ogres (D:9)
  Urug (D:10)
  A troll (D:9)
  2 hippogriffs
  6 yaks (D:10)
  A wraith (D:10)
  A human (D:10)
  2 hungry ghosts
  Grum (D:10)
  A soldier ant (D:10)
  6 orc warriors
  2 ice beasts
  A sky beast (D:10)
  2 black bears
  A phantom (D:5)
  A necrophage (D:10)
  An ogre (D:4)
  3 wolves (D:10)
  3 centaurs
  A crocodile (D:10)
  Blork the orc (D:5)
  7 bullfrogs
  6 scorpions
  2 wights (D:6)
  2 howler monkeys
  4 crimson imps
  A bullfrog zombie (D:9)
  3 jellies
  4 hounds
  7 orc priests
  8 orc wizards
  5 centaur skeletons
  4 iguanas
  Ijyb (D:4)
  4 worker ants
  A hound zombie (D:7)
  3 worker ant zombies
  4 gnolls (D:8)
  A howler monkey zombie (D:6)
  11 adders
  3 river rats (Sewer)
  5 shadow imps
  2 oozes (Sewer)
  An adder skeleton (D:6)
  3 worms
  3 dart slugs
  A leopard gecko (D:5)
  39 orcs
  11 ball pythons (Sewer)
  4 bats
  4 giant cockroaches
  7 goblins
  8 hobgoblins
  14 jackals
  7 kobolds
  6 quokkas
  6 frilled lizards
  A giant cockroach zombie (D:6)
  4 hobgoblin zombies (D:4)
  A jackal zombie (D:9)
  A kobold skeleton (D:4)
  2 kobold zombies (D:4)
  A leopard gecko skeleton (D:7)
  An orc zombie (D:4)
  A quokka skeleton (D:5)
  A quokka zombie (D:7)
  31 rats
  A plant (D:3)
287 creatures vanquished.

Vanquished Creatures (others)
  A bullfrog zombie (D:10)
  A hound skeleton (D:10)
  A shadow imp (D:10)
  A plant (D:10)
4 creatures vanquished.

Grand Total: 291 creatures vanquished

Notes
Turn   | Place    | Note
-------+----------+-------------------------------------------
     0 | D:1      | DerDa the Deep Elf Wizard began the quest for the Orb.
     0 | D:1      | Reached XP level 1. HP: 10/10 MP: 7/7
   396 | D:1      | Reached XP level 2. HP: 4/15 MP: 3/9
   700 | D:1      | Reached skill level 5 in Spellcasting
  1486 | D:2      | Found an opulent altar of Gozag.
  1529 | D:2      | Reached XP level 3. HP: 19/19 MP: 7/12
  1981 | D:2      | You fall into a shaft and drop 1 floor!
  2049 | D:3      | Found a hide-covered altar of Uskayaw.
  2050 | D:3      | Noticed a +0 hand axe
  2050 | D:3      | Noticed a +0 dagger
  2098 | D:3      | Learned a level 3 spell: Conjure Flame
  2102 | D:3      | Learned a level 3 spell: Mephitic Cloud
  2105 | D:3      | Learned a level 2 spell: Blink
  2426 | D:2      | Found a shattered altar of Ashenzari.
  2549 | D:2      | Reached skill level 6 in Spellcasting
  2625 | D:2      | Reached XP level 4. HP: 24/24 MP: 3/14
  2661 | D:2      | Found a sparkling altar of Nemelex Xobeh.
  3229 | D:3      | Found a snail-covered altar of Cheibriados.
  3743 | D:4      | Found a shimmering altar of Xom.
  3763 | D:4      | Found a bloodstained altar of Trog.
  4041 | D:4      | Reached skill level 7 in Spellcasting
  4041 | D:4      | Reached XP level 5. HP: 11/28 MP: 5/16
  4382 | D:4      | Found a glowing silver altar of Zin.
  4450 | D:4      | Reached XP level 6. HP: 32/32 MP: 11/18
  4457 | D:4      | Noticed Ijyb
  4470 | D:4      | Killed Ijyb
  4576 | D:4      | Found an ornate altar of the Wu Jian Council.
  4669 | D:4      | Found a glowing golden altar of the Shining One.
  4860 | D:4      | Reached skill level 8 in Spellcasting
  5046 | D:5      | Entered Level 5 of the Dungeon
  5050 | D:5      | Found Kinaocah's Antique Weapon Boutique.
  5084 | D:5      | Noticed Prince Ribbit
  5206 | D:5      | Noticed Blork the orc
  5270 | D:5      | Noticed an ice beast
  5419 | D:4      | Reached skill level 5 in Conjurations
  5790 | D:5      | Killed Blork the orc
  5790 | D:5      | Reached XP level 7. HP: 26/36 MP: 14/20
  5806 | D:5      | Reached skill level 1 in Poison Magic
  6347 | D:5      | Got a twisted robe
  6371 | D:5      | Reached skill level 9 in Spellcasting
  6550 | D:4      | Identified the +1 robe of the Sun {+Blink Int+4} (You found
                  | it on level 5 of the Dungeon)
  7393 | D:6      | Found a glowing drain.
  7457 | Sewer    | Entered a sewer
  7630 | Sewer    | Reached XP level 8. HP: 41/41 MP: 16/23
  7724 | Sewer    | Reached skill level 10 in Spellcasting
  8237 | D:6      | Found a shimmering blue altar of Sif Muna.
  8243 | D:6      | Became a worshipper of Sif Muna the Loreminder
  8293 | D:6      | Found a staircase to the Ecumenical Temple.
  8336 | Temple   | Entered the Ecumenical Temple
  8909 | D:6      | Found a burning altar of Makhleb.
  9128 | D:7      | Reached skill level 11 in Spellcasting
  9256 | D:7      | Reached skill level 1 in Fire Magic
  9357 | D:7      | Reached * piety under Sif Muna
  9571 | D:7      | Got a pair of ichor-stained boots
  9577 | D:7      | Identified the cursed +0 pair of boots "Qitho" {rPois Str-5
                  | Int+3} (You found it on level 7 of the Dungeon)
  9577 | D:7      | Lost strength.
 10063 | D:8      | Reached XP level 9. HP: 27/45 MP: 13/26
 10557 | D:7      | Reached skill level 12 in Spellcasting
 10588 | D:8      | Found a huge runed translucent gate.
 10588 | D:8      | Found a huge runed translucent gate.
 10588 | D:8      | Found a huge runed translucent gate.
 10588 | D:8      | Found a huge runed translucent gate.
 10588 | D:8      | Noticed a manticore
 10589 | D:8      | Noticed a death yak
 11271 | D:8      | Found a glowing silver altar of Zin.
 11346 | D:8      | Found a sacrificial altar of Ru.
 11732 | D:9      | Reached skill level 13 in Spellcasting
 11932 | D:9      | Noticed a two-headed ogre
 11947 | D:9      | Killed a two-headed ogre
 11947 | D:9      | Reached ** piety under Sif Muna
 11947 | D:9      | Reached XP level 10. HP: 43/50 MP: 8/29
 11950 | D:9      | Noticed a two-headed ogre
 11957 | D:9      | Killed a two-headed ogre
 11957 | D:9      | Reached skill level 14 in Spellcasting
 12091 | D:9      | Found a blossoming altar of Fedhas.
 12318 | D:9      | Found Jyickoro's Magic Scroll Shoppe.
 12325 | D:9      | Bought a scroll of identify for 28 gold pieces
 12325 | D:9      | Bought a scroll of identify for 28 gold pieces
 12325 | D:9      | Bought a scroll of fear for 49 gold pieces
 12325 | D:9      | Bought a scroll of blinking for 105 gold pieces
 12325 | D:9      | Bought a scroll of immolation for 49 gold pieces
 12421 | D:9      | Reached skill level 10 in Conjurations
 12927 | D:9      | Found a basalt altar of Yredelemnul.
 13171 | D:10     | Entered Level 10 of the Dungeon
 13171 | D:10     | Found a blossoming altar of Fedhas.
 13452 | D:10     | Noticed Grum
 13802 | D:10     | Found a staircase to the Lair.
 13824 | D:10     | Reached skill level 15 in Spellcasting
 14493 | D:10     | Killed Grum
 14721 | D:10     | Noticed Gastronok
 14730 | D:10     | Found Yloumad's Antique Weapon Shoppe.
 14732 | D:10     | Noticed Urug
 15031 | D:10     | Reached *** piety under Sif Muna
 15231 | D:10     | Killed Urug
 15231 | D:10     | Reached XP level 11. HP: 54/54 MP: 28/32
 15432 | D:10     | Slain by a basilisk

Levels and vault maps discovered:
D:1:      dpeg_arrival_arbitrary_c, layout_basic
D:2:      layout_basic, lemuel_doored_altar, nemelex_xobeh_ov_fountains_minmay,
          grunt_gozag_breadcrumbs
D:3:      layout_basic, nicolae_overflow_crystal_walls, dancing_weapons_uskayaw,
          serial_forest, infiniplex_forest_clump_double,
          infiniplex_forest_clump_cross, infiniplex_forest_clump_long,
          infiniplex_forest_end_2, infiniplex_forest_split,
          infiniplex_forest_lined_3, infiniplex_forest_clump_double,
          infiniplex_forest_clump_small, infiniplex_forest_clump_diagonal
D:4:      layout_basic, lemuel_round_altar, lemuel_coloured_pillars_altar,
          chequers_temple_overflow_statue_of_worship,
          nicolae_tso_besieged_by_evil, uniq_ijyb
D:5:      layout_cave_pools, serial_shops, shop, first_ration, serial_park,
          serial_park_avenue1, serial_park_tiny_1, serial_park_tiny_1,
          serial_park_square3 [serial_park_minivault_5x5_8], serial_park_square3
          [serial_park_minivault_5x5_8], minmay_door_square,
          minmay_fountain_box, uniq_prince_ribbit1, uniq_blork_the_orc
D:6:      layout_basic, led_sif_pool, lightli_temple_of_fire,
          minmay_temple_entry_stoned_glass, cheibrodos_sewer_entry_drain,
          lemuel_old_faithful
D:7:      layout_loops_ring
D:8:      lemuel_bear_cage, layout_rooms, nicolae_ru_path_of_blood, basic_altar
D:9:      layout_loops_ring, marbit_many_paths, yredelemnul_altar_generic,
          serial_shops, kennysheep_mini_moat
D:10:     layout_roguey, david_lair_generic, serial_shops,
          kennysheep_little_box, grunt_ministairs_10, minmay_shop_damaged,
          hangedman_stone_soup, fedhas_bush_and_centaur_altar, uniq_gastronok,
          uniq_grum, uniq_urug
Temple:   compressed_dpeg_triangle_lava_temple

Skill      XL: |  1  2  3  4  5  6  7  8  9 10 |
---------------+-------------------------------+-----
Spellcasting   | 5 6 7 8 9 11 13 15 | 15.7
Conjurations   | 2 3 5 7 9 11 | 11.4
Dodging        | 3 4 |  4.6
Poison Magic   | 1 |  1.8
Translocations | 2 3 |  3.0
Fire Magic     | 1 2 |  2.0
Stealth        | |  2.5
Summonings     | |  1.1
Air Magic      | |  0.8
Evocations     | |  0.1

Action                   |  1- 3 |  4- 6 |  7- 9 | 10-12 || total
-------------------------+-------+-------+-------+-------++-------
Melee: Unarmed           |     1 |       |       |       ||     1
       Club              |     3 |       |       |       ||     3
       Falchion          |       |   121 |     3 |       ||   124
       Scimitar          |       |       |    41 |    21 ||    62
       Trident           |       |       |       |     9 ||     9
 Fire: Hunting sling     |       |     3 |       |       ||     3
Throw: Stone             |       |       |       |     1 ||     1
 Cast: Magic Dart        |   135 |   131 |   458 |   276 ||  1000
       Conjure Flame     |     1 |    11 |    23 |    18 ||    53
       Mephitic Cloud    |       |     5 |    30 |    27 ||    62
       Blink             |       |     2 |    18 |     6 ||    26
Evoke: Wand              |       |       |     3 |     6 ||     9
  Use: Scroll            |       |       |     8 |     8 ||    16
 Stab: Confused          |       |     3 |     1 |     3 ||     7
       Sleeping          |       |       |     1 |       ||     1
  Eat: Chunk             |     5 |     8 |    17 |    12 ||    42
       Ration            |       |     1 |       |       ||     1
Armor: Robe              |     9 |     1 |    13 |     4 ||    27
Dodge: Dodged            |    41 |    24 |    89 |    50 ||   204
       Rpst.: Falchion   |     1 |     7 |     3 |       ||    11
       Scimitar          |       |       |    27 |     8 ||    35
